 Dungeon Crawl Stone Soup version 0.29.1-12-g30fa7ad0bf (webtiles) character file.

Game seed: 5383714077097502923

39 wormed the Magician (level 3, 25/25 HPs)
             Began as a Gnoll Hedge Wizard on Dec 24, 2022.
             Was an Initiate of Yredelemnul.
             Quit the game on level 2 of the Dungeon.
             The game lasted 00:05:30 (1467 turns).

wormed the Magician (Gnoll Hedge Wizard)            Turns: 1467, Time: 00:05:31

Health: 25/25      AC:  3    Str: 11    XL:     3   Next: 47%
Magic:  11/11      EV: 12    Int: 13    God:    Yredelemnul [......]
Gold:   47         SH:  0    Dex: 11    Spells: 15/16 levels left

rFire   . . .      SeeInvis .   f - +2 whip (elec)
rCold   . . .      Faith    .   (no shield)
rNeg    . . .      Spirit   .   j - +0 leather armour
rPois   .          Reflect  .   c - +0 hat
rElec   .          Harm     .   (no cloak)
rCorr   .          Rampage  .   (no gloves)
Will    .....                   (no boots)
Stlth   ++........              (no amulet)
HPRegen 0.08/turn               (no ring)
MPRegen 0.12/turn               (no ring)

@: no status effects
A: fangs 1, strong nose, distributed training
a: Renounce Religion, Recall Undead Harvest


You were on level 2 of the Dungeon.
You worshipped Yredelemnul.
Yredelemnul was noncommittal.
You visited 1 branch of the dungeon, and saw 2 of its levels.

You collected 47 gold pieces.

Inventory:

Hand Weapons
 a - a +0 dagger
 f - a +2 whip of electrocution (weapon)
Armour
 b - a +0 robe
 c - a +0 hat (worn)
 i - a +0 kite shield
 j - a +0 leather armour (worn)
Jewellery
 e - a ring of ice
 k - a ring of flight
Scrolls
 h - a scroll of blinking {unknown}
Potions
 d - a potion of magic
 g - 2 potions of brilliance {unknown}


   Skills:
 + Level 0.9 Fighting
 + Level 0.9 Short Blades
 + Level 0.9 Long Blades
 + Level 0.9 Axes
 + Level 0.9 Maces & Flails
 + Level 0.9 Polearms
 + Level 0.9 Staves
 + Level 0.9 Ranged Weapons
 + Level 0.9 Throwing
 + Level 0.9 Armour
 + Level 4.5 Dodging
 + Level 4.2 Stealth
 + Level 0.9 Shields
 + Level 0.9 Unarmed Combat
 + Level 7.1 Spellcasting
 + Level 2.1 Conjurations
 + Level 0.6 Hexes
 + Level 2.1 Summonings
 + Level 0.6 Necromancy
 + Level 2.1 Translocations
 + Level 0.6 Transmutations
 + Level 0.6 Fire Magic
 + Level 0.6 Ice Magic
 + Level 0.6 Air Magic
 + Level 0.6 Earth Magic
 + Level 0.6 Poison Magic
 + Level 1.0 Invocations
 + Level 0.9 Evocations


You had 15 spell levels left.
You knew the following spells:

 Your Spells              Type           Power      Damage    Failure   Level
a - Magic Dart            Conj           40%        1d5       9%          1

Your spell library contained the following spells:

 Spells                   Type           Power      Damage    Failure   Level
 Blink                    Tloc           20%        N/A       12%         2
 Call Imp                 Summ           10%        N/A       12%         2
 Slow                     Hex            24%        N/A       16%         1
 Lesser Beckoning         Tloc           10%        N/A       24%         3
 Conjure Flame            Conj/Fire      8%         6-21      32%         3
 Mephitic Cloud           Conj/Pois/Air  7%         N/A       36%         3
 Manifold Assault         Tloc           10%        N/A       92%         5


Dungeon Overview and Level Annotations

Branches:
Dungeon (2/15)

Altars:
Uskayaw
Yredelemnul


Innate Abilities, Weirdness & Mutations

You have very sharp teeth.
Your uncanny sense of smell can sniff out nearby items.
Your experience applies equally to all skills.


Message History

Found a basalt altar of Yredelemnul.
Aiming: Magic Dart (safe; 9% risk of failure)
Press: ? - help, Q - select action, (/) - cycle Shift-Dir - straight line, f - endoplasm
Aim: an endoplasm (asleep, 100% to hit)
The magic dart hits the endoplasm.
The endoplasm is lightly wounded.
The endoplasm quivers.
Aiming: Magic Dart (safe; 9% risk of failure)
Press: ? - help, Q - select action, (/) - cycle Shift-Dir - straight line, f/p - endoplasm
Aim: an endoplasm (lightly wounded, 100% to hit)
The magic dart hits the endoplasm but does no damage.
The endoplasm is lightly wounded.
You hit the endoplasm.
The endoplasm is moderately wounded.
The endoplasm freezes you.
You are frozen.
You hit the endoplasm.
You kill the endoplasm!
A ball python comes into view.
Found 22 gold pieces and 3 stones.
There is a basalt altar of Yredelemnul here.
You kneel at the altar of Yredelemnul.
Unknown command.
Press < or > to pray at altars.
You kneel at the altar of Yredelemnul.
You have lost your religion!
Uskayaw does not appreciate desertion!
Yredelemnul welcomes you!
You can now reap souls.
You can now recall your undead harvest.
Magic restored.
HP restored.
You now have 36 gold pieces (gained 11).
Found a robe.
A ball python is nearby!
The helpless ball python fails to defend itself.
You whack the ball python!
You kill the ball python!
You now have 47 gold pieces (gained 11).
There is a basalt altar of Yredelemnul here.
Are you sure you want to abandon this character and quit the game? (Confirm with "yes".)

..#######.#
#.........######
#.#######......#
∆.######.####.#
......>.####.#####.#
.######.........[..#
#####.....##.(.......
..........##.########
##.#...@..##.### #
##.....##... ∆
#.....##.# ###......#
########


There were no monsters in sight!

Vanquished Creatures
  A gnoll (D:1)
  4 bats (D:1)
  5 endoplasms
  A giant cockroach (D:2)
  4 goblins (D:1)
  2 hobgoblins (D:1)
  3 kobolds (D:1)
  A quokka (D:1)
  3 ball pythons
  A frilled lizard (D:1)
  3 rats (D:1)
28 creatures vanquished.

Vanquished Creatures (others)
  A demonic plant (D:1)
1 creature vanquished.

Grand Total: 29 creatures vanquished

Notes
Turn   | Place    | Note
-------+----------+-------------------------------------------
     0 | D:1      | wormed the Gnoll Hedge Wizard began the quest for the Orb.
     0 | D:1      | Reached XP level 1. HP: 13/13 MP: 8/8
   426 | D:1      | Reached XP level 2. HP: 19/19 MP: 8/10
   865 | D:1      | Reached XP level 3. HP: 11/25 MP: 6/11
  1044 | D:1      | Reached skill level 1 in Invocations
  1086 | D:1      | Found a faded altar of an unknown god.
  1323 | D:1      | Prayed at the altar of an unknown god.
  1323 | D:1      | Became a worshipper of Uskayaw the Reveller
  1323 | D:1      | Reached * piety under Uskayaw
  1382 | D:2      | Found a basalt altar of Yredelemnul.
  1397 | D:2      | Fell from the grace of Uskayaw
  1397 | D:2      | Became a worshipper of Yredelemnul the Dark
  1467 | D:2      | Quit the game

Illustrated notes

Levels and vault maps discovered:
D:1:      roderic_chinese_lattice_arrival, layout_rooms,
          dreamdust_ecumenical_altar_sealed_demon
D:2:      layout_loops_ring, basic_altar, dk_vineyard_3, uniq_crazy_yiuf_cottage

Skill      XL: |  1  2  3 |
---------------+----------+-----
Conjurations   | 2 |  2.1
Summonings     | 2 |  2.1
Translocations | 2 |  2.1
Invocations    | 1 |  1.0
Fighting       | |  0.9
Short Blades   | |  0.9
Long Blades    | |  0.9
Axes           | |  0.9
Maces & Flails | |  0.9
Polearms       | |  0.9
Staves         | |  0.9
Ranged Weapons | |  0.9
Throwing       | |  0.9
Armour         | |  0.9
Dodging        | |  4.5
Stealth        | |  4.2
Shields        | |  0.9
Unarmed Combat | |  0.9
Spellcasting   | |  7.1
Hexes          | |  0.6
Necromancy     | |  0.6
Transmutations | |  0.6
Fire Magic     | |  0.6
Ice Magic      | |  0.6
Air Magic      | |  0.6
Earth Magic    | |  0.6
Poison Magic   | |  0.6
Evocations     | |  0.9

Action                   || total
-------------------------++-------
Melee: Dagger            ||    19
       Bite              ||     5
       Whip              ||    19
       Punch             ||     1
 Cast: Magic Dart        ||    48
 Stab: Sleeping          ||     2
Armor: Robe              ||     8
       Leather armour    ||     4
Dodge: Dodged            ||    21
